 Dungeon Crawl Stone Soup version 0.27.1-1-g398f81649c (webtiles) character file.

Game seed: 16144741079792658239

137 funkygono the Firebug (level 5, -1/42 HPs)
             Began as a Gargoyle Fire Elementalist on Sept 12, 2021.
             Slain by an orc priest (2 damage)
             ... on level 3 of the Dungeon.
             The game lasted 00:04:45 (2804 turns).

funkygono the Firebug (Gargoyle Fire Elementalist)  Turns: 2804, Time: 00:04:46

Health: -1/42      AC: 22    Str: 11    XL:     5   Next: 20%
Magic:  3/9        EV:  2    Int: 17    God:
Gold:   135        SH:  0    Dex: 10    Spells: 2/10 levels left

rFire    . . .     SeeInvis .   c - +0 club
rCold    . . .     Faith    .   (no shield)
rNeg     + + +     Spirit   .   (armour currently unavailable)
rPois    ∞         Reflect  .   (helmet currently unavailable)
rElec    .         Harm     .   (cloak currently unavailable)
rCorr    .         Rampage  .   (gloves currently unavailable)
Will     .....     NoTele   +   (boots currently unavailable)
Stlth    ++........             (no amulet)
HPRegen  0.14/turn              k - ring of flight
MPRegen  0.11/turn              (no ring)

@: tree-form
A: stationary, stasis, torment immunity, boosted hp, sickness immunity, AC +4,
negative energy resistance 1, (electricity resistance), torment resistance 1,
petrification resistance, no potion heal 1
a: no special abilities


You were on level 3 of the Dungeon.
You were a tree.
You visited 1 branch of the dungeon, and saw 3 of its levels.

You collected 135 gold pieces.

Inventory:

Hand Weapons
 c - a +0 club (weapon)
Missiles
 e - 172 stones
Armour
 a - a +0 robe (melded)
 d - a +2 scale mail of cold resistance
Jewellery
 k - a ring of flight (left branch)
Scrolls
 b - a scroll of torment {unknown}
 g - 2 scrolls of noise {unknown}
 h - a scroll of amnesia {unknown}
 i - 2 scrolls of blinking {unknown}
 j - 3 scrolls of identify {unknown}
 l - a scroll of fear {unknown}
 m - a scroll of brand weapon {unknown}


   Skills:
 + Level 1.7 Dodging
 - Level 2.1 Stealth
 * Level 3.1 Spellcasting
 * Level 2.4 Conjurations
 * Level 4.3 Fire Magic


You had 2 spell levels left.
You knew the following spells:

 Your Spells              Type           Power      Damage    Failure   Level
a - Foxfire               Conj/Fire      56%        2x1d6     4%          1
b - Conjure Flame         Conj/Fire      14%        6-21      13%         3
c - Sticky Flame          Conj/Fire      14%        2d4       38%         4

Your spell library contained the following spells:

 Spells                   Type           Power      Damage    Failure   Level
 Inner Flame              Hex/Fire       10%        N/A       22%         3
 Fireball                 Conj/Fire      7%         3d5       75%         5
 Olgreb's Toxic Radiance  Pois           2%         N/A       86%         4
 Ozocubu's Refrigeration  Ice            1%         4d5       100%        7
 Ignition                 Fire           8%         3d5       100%        8


Dungeon Overview and Level Annotations

Branches:
Dungeon (3/15)

Altars:


Innate Abilities, Weirdness & Mutations

You are a tree.
Your roots penetrate the ground, keeping you stationary.
You cannot be teleported.
You are immune to unholy pain and torment.
Your maximum health is greatly increased.
Your equipment is partially melded.
You are immune to sickness and miasma.
((Your stone body is resilient. (AC +4)))
You are immune to poison.
You resist negative energy. (rN+)
((You are resistant to electric shocks. (rElec)))
You are resistant to unholy torment.
You are immune to petrification.
Potions are less effective at restoring your health.


Message History

The foxfire hits the orc but does no damage.
The orc is heavily wounded.
The foxfire hits the orc.
The orc is severely wounded.
Casting: Foxfire (safe; 4% risk of failure)
Confirm with . or Enter, or press ? or * to list all spells.
You conjure some foxfire!
The foxfire hits the orc but does no damage.
The orc is severely wounded.
The orc hits you but does no damage. x2
Unknown command.
Casting: Foxfire (safe; 4% risk of failure)
Confirm with . or Enter, or press ? or * to list all spells.
There is not enough space to conjure foxfire!
Unknown command.
You hit the orc priest.
The orc priest is moderately wounded.
The foxfire hits the orc but does no damage.
The orc is severely wounded.
The foxfire hits the orc.
The orc is almost dead.
The orc priest hits you but does no damage.
The orc hits you but does no damage. x2; The orc priest completely misses you.
The orc hits you but does no damage.
You hit the orc priest.
The orc priest is heavily wounded.
The orc hits you but does no damage.
The orc priest looks satisfied for a moment.
The orc hits you but does no damage.
You hit the orc priest but do no damage.
The orc priest is heavily wounded.
The orc hits you but does no damage.
The orc priest calls upon Beogh to heal the orc.
The orc is healed somewhat.
The orc hits you with a +0 club.
* * * LOW HITPOINT WARNING * * *
The orc barely misses you.
You closely miss the orc priest.
The orc priest is heavily wounded.
The orc priest hits you with a +0 flail.
You die...

...............
.....(.......>.
...............
.....).........
...............
...............
......ooo.....#
#♣.....#
##.###### #..#
#.## #.# .
#.########.#
#.##.......# .
#.#.).....## ..
#..........#


You could see an orc priest and 2 orcs.

Vanquished Creatures
  A water moccasin skeleton (D:2)
  4 adders
  A dart slug (D:2)
  An orc (D:3)
  4 endoplasms
  3 giant cockroaches (D:2)
  5 goblins
  4 hobgoblins
  7 kobolds
  A quokka (D:1)
  7 ball pythons
  6 bats
  6 frilled lizards
  2 rats
52 creatures vanquished.

Vanquished Creatures (collateral kills)
  A foxfire (D:1)
1 creature vanquished.

Vanquished Creatures (others)
  151 foxfires
  4 toadstools (D:1)
155 creatures vanquished.

Grand Total: 208 creatures vanquished

Notes
Turn   | Place    | Note
-------+----------+-------------------------------------------
     0 | D:1      | funkygono the Gargoyle Fire Elementalist began the quest
                  | for the Orb.
     0 | D:1      | Reached XP level 1. HP: 10/10 MP: 3/3
   259 | D:1      | Reached XP level 2. HP: 15/15 MP: 1/5
  1111 | D:1      | You fall into a shaft and drop 1 floor!
  1118 | D:2      | Reached XP level 3. HP: 19/19 MP: 2/6
  1546 | D:1      | Learned a level 3 spell: Conjure Flame
  1608 | D:2      | Reached skill level 4 in Fire Magic
  1608 | D:2      | Reached XP level 4. HP: 7/24 MP: 0/8
  1819 | D:2      | Learned a level 4 spell: Sticky Flame
  2330 | D:2      | Found a faded altar of an unknown god.
  2464 | D:3      | Reached XP level 5. HP: 28/28 MP: 4/9
  2794 | D:3      | HP: 1/28 [orc priest/divine providence (14)]
  2795 | D:3      | Gained mutation: Potions are less effective at restoring
                  | your health. [potion of mutation]
  2803 | D:3      | HP: 1/42 [orc (3)]
  2804 | D:3      | Slain by an orc priest

Illustrated notes

Levels and vault maps discovered:
D:1:      ldierk_water_garden, layout_loops_corners, minmay_misc_feat_plants,
          minivault_5, minmay_splitting_lines
D:2:      layout_loops_cross, dilly_ecumenical_altar_fadedgnrine
D:3:      layout_rooms, minmay_ogre_servants

Skill      XL: |  1  2  3  4 |
---------------+-------------+-----
Conjurations   | 2 |  2.4
Fire Magic     | 4 |  4.3
Spellcasting   | 3 |  3.1
Dodging        | |  1.7
Stealth        | |  2.1

Action                   |  1- 3 |  4- 6 || total
-------------------------+-------+-------++-------
Melee: Club              |     6 |     9 ||    15
 Cast: Foxfire           |    49 |    43 ||    92
  Use: Potion            |       |     2 ||     2
Armor: Robe              |     3 |     6 ||     9
       Skin              |       |     9 ||     9
Dodge: Dodged            |     9 |     6 ||    15
